PCL
ALBUQUERQUE ISOTOPES @ DISTRICT 9 PRAWNS
09/21/2028
 
TOP OF THE 1ST
Albuquerque Isotopes batting - Pitching for District 9 Prawns : RHP Jorge Guillén
Pitching: RHP Jorge Guillén
Batting: LHB Burt Ward 0-0: Ball
1-0: Ball
2-0: Ball
3-0: Called Strike
3-1: Called Strike
3-2: DOUBLE (Flyball, 8RXD)
Batting: RHB Eric Knight 0-0: Ball
1-0: Ball
2-0: SINGLE (Line Drive, 4M)
Burt Ward to third
Batting: RHB Víctor Solano 0-0: Ball
1-0: Called Strike
1-1: Swinging Strike
1-2: Ball
2-2: Fly out, F8 (Flyball, 8LM)
Runner from 3rd tags up, SCORES, no throw
Batting: RHB Sam Wallace 0-0: Ball
1-0: Ball
2-0: Ball
3-0: Base on Balls
Eric Knight to second
Batting: LHB Phil Neal 0-0: DOUBLE (Flyball, 8LD)
Eric Knight scores
Sam Wallace to third
Batting: RHB Mike Ingram 0-0: Ball
1-0: Swinging Strike
1-1: Foul Ball, location: 2F
1-2: Ball
2-2: Ball
3-2: Strikes out swinging
Batting: RHB Arturo García 0-0: Swinging Strike
0-1: Ball
1-1: Called Strike
1-2: Strikes out swinging
Top of the 1st over - 2 run(s), 3 hit(s), 0 error(s), 2 left on base; Albuquerque 2 - District 9 0
BOTTOM OF THE 1ST
District 9 Prawns batting - Pitching for Albuquerque Isotopes : LHP Sean Perry
Pitching: LHP Sean Perry
Batting: SHB José Estreito 0-0: Fly out, F2 (Popup, 15)
Batting: RHB José Colón 0-0: Foul Ball, location: 2F
0-1: Ball
1-1: Called Strike
1-2: Ball
2-2: Ball
3-2: SINGLE (Groundball, 56D)
Batting: RHB Reynold Akker 0-0: Foul Ball, location: 2F
0-1: Foul Ball, location: 2F
0-2: Ball
1-2: Ball
2-2: Fly out, F7 (Flyball, 7S)
Batting: LHB Leonard Young 0-0: Ball
1-0: Called Strike
1-1: Ball
2-1: Fly out, F8 (Flyball, 8RS)
Bottom of the 1st over - 0 run(s), 1 hit(s), 0 error(s), 1 left on base; Albuquerque 2 - District 9 0
TOP OF THE 2ND
Albuquerque Isotopes batting - Pitching for District 9 Prawns : RHP Jorge Guillén
Batting: LHB Pedro Cruz 0-0: Called Strike
0-1: Foul Ball, location: 2F
0-2: Ground out 6-3 (Groundball, 6)
Batting: RHB Dave Mullen 0-0: Ground out 3-1 (Groundball, 34)
Batting: LHB Burt Ward 0-0: Fly out, F7 (Flyball, 7LM)
Top of the 2nd over - 0 run(s), 0 hit(s), 0 error(s), 0 left on base; Albuquerque 2 - District 9 0
BOTTOM OF THE 2ND
District 9 Prawns batting - Pitching for Albuquerque Isotopes : LHP Sean Perry
Batting: RHB Felipe Jareño 0-0: Ball
1-0: Called Strike
1-1: SINGLE (Line Drive, 5D)
Batting: RHB Gil Palmer 0-0: Called Strike
0-1: Ball
1-1: Fly out, F8 (Flyball, 8RM)
Batting: RHB Mal Snyder 0-0: Called Strike
0-1: Ball
1-1: Ball
2-1: Grounds into double play, 4-6-3 (Groundball, 4)
Bottom of the 2nd over - 0 run(s), 1 hit(s), 0 error(s), 0 left on base; Albuquerque 2 - District 9 0
TOP OF THE 3RD
Albuquerque Isotopes batting - Pitching for District 9 Prawns : RHP Jorge Guillén
Batting: RHB Eric Knight 0-0: Swinging Strike
0-1: Foul Ball, location: 2F
0-2: Fly out, F9 (Flyball, 9S)
Batting: RHB Víctor Solano 0-0: Called Strike
0-1: Swinging Strike
0-2: Ball
1-2: Strikes out swinging
Batting: RHB Sam Wallace 0-0: Called Strike
0-1: Ball
1-1: Ball
2-1: SINGLE (Groundball, 6D)
Batting: LHB Phil Neal 0-0: Ball
1-0: Fielders Choice at 2nd, 6-4 (Groundball, 6)
Top of the 3rd over - 0 run(s), 1 hit(s), 0 error(s), 0 left on base; Albuquerque 2 - District 9 0
BOTTOM OF THE 3RD
District 9 Prawns batting - Pitching for Albuquerque Isotopes : LHP Sean Perry
Batting: LHB Al Bartlett 0-0: Called Strike
0-1: Ball
1-1: Ball
2-1: Foul Ball, location: 2F
2-2: Strikes out swinging
Batting: RHB Jim Edgar 0-0: Ground out 5-3 (Groundball, 56)
Batting: SHB José Estreito 0-0: Ball
1-0: Ball
2-0: Ball
3-0: Base on Balls
Batting: RHB José Colón 0-0: Called Strike
José Estreito is caught stealing 2nd base
Bottom of the 3rd over - 0 run(s), 0 hit(s), 0 error(s), 0 left on base; Albuquerque 2 - District 9 0
TOP OF THE 4TH
Albuquerque Isotopes batting - Pitching for District 9 Prawns : RHP Jorge Guillén
Batting: RHB Mike Ingram 0-0: Called Strike
0-1: Foul Ball, location: 2F
0-2: Strikes out swinging
Batting: RHB Arturo García 0-0: Swinging Strike
0-1: Called Strike
0-2: SINGLE (Groundball, 34D)
Batting: LHB Pedro Cruz 0-0: Foul Ball, location: 2F
0-1: Ball
1-1: Foul Ball, location: 2F
1-2: Strikes out swinging
Batting: RHB Dave Mullen 0-0: Foul Ball, location: 2F
0-1: Fielders Choice at 2nd, 6-4 (Groundball, 6)
Top of the 4th over - 0 run(s), 1 hit(s), 0 error(s), 0 left on base; Albuquerque 2 - District 9 0
BOTTOM OF THE 4TH
District 9 Prawns batting - Pitching for Albuquerque Isotopes : LHP Sean Perry
Batting: RHB José Colón 0-0: Ball
1-0: Called Strike
1-1: Ground out 6-3 (Groundball, 6)
Batting: RHB Reynold Akker 0-0: Called Strike
0-1: Swinging Strike
0-2: Ball
1-2: Ball
2-2: Ball
3-2: Strikes out swinging
Batting: LHB Leonard Young 0-0: Ground out 4-3 (Groundball, 4S)
Bottom of the 4th over - 0 run(s), 0 hit(s), 0 error(s), 0 left on base; Albuquerque 2 - District 9 0
TOP OF THE 5TH
Albuquerque Isotopes batting - Pitching for District 9 Prawns : RHP Jorge Guillén
Batting: LHB Burt Ward 0-0: Called Strike
0-1: Ball
1-1: Ball
2-1: Ball
3-1: Swinging Strike
3-2: Strikes out looking
Batting: RHB Eric Knight 0-0: Called Strike
0-1: Ground out 6-3 (Groundball, 6)
Batting: RHB Víctor Solano 0-0: Called Strike
0-1: Foul Ball, location: 2F
0-2: Foul Ball, location: 2F
0-2: Ball
1-2: Ball
2-2: Foul Ball, location: 2F
2-2: DOUBLE (Line Drive, 7D)
Batting: RHB Sam Wallace 0-0: Ball
1-0: Ball
2-0: Called Strike
2-1: Called Strike
2-2: Ball
3-2: Strikes out swinging
Top of the 5th over - 0 run(s), 1 hit(s), 0 error(s), 1 left on base; Albuquerque 2 - District 9 0
BOTTOM OF THE 5TH
District 9 Prawns batting - Pitching for Albuquerque Isotopes : LHP Sean Perry
Batting: RHB Felipe Jareño 0-0: Called Strike
0-1: Fly out, F7 (Flyball, 7LD)
Batting: RHB Gil Palmer 0-0: Called Strike
0-1: Ball
1-1: Swinging Strike
1-2: SINGLE (Groundball, 6D)
Batting: RHB Mal Snyder 0-0: Called Strike
0-1: Ball
1-1: Ball
2-1: Ball
3-1: Base on Balls
Gil Palmer to second
Batting: LHB Al Bartlett 0-0: Called Strike
Mal Snyder steals 2nd base
Gil Palmer to third
0-1: SINGLE (Groundball, 3D)
Gil Palmer scores
Mal Snyder to third
Runner from 3rd tries for Home, SAFE, throw made home
Al Bartlett to second
Batting: RHB Jim Edgar 0-0: Ball
1-0: Ball
Al Bartlett steals 3rd base
2-0: Ball
3-0: Called Strike
3-1: Base on Balls
Batting: SHB José Estreito 0-0: Called Strike
0-1: Foul Ball, location: 2F
0-2: Foul Ball, location: 2F
0-2: Ball
1-2: Foul Ball, location: 2F
1-2: Ball
2-2: Ball
Wild Pitch!
Al Bartlett scores
Jim Edgar to second
3-2: Foul Ball, location: 2F
3-2: 2-RUN HOME RUN (Flyball, 89XD), Distance : 409 ft
Batting: RHB José Colón 0-0: Ground out 5-3 (Groundball, 56)
Batting: RHB Reynold Akker 0-0: Called Strike
0-1: Foul Ball, location: 2F
0-2: Ground out U3 (Groundball, 34)
Bottom of the 5th over - 5 run(s), 3 hit(s), 0 error(s), 0 left on base; Albuquerque 2 - District 9 5
TOP OF THE 6TH
Albuquerque Isotopes batting - Pitching for District 9 Prawns : RHP Jorge Guillén
Batting: LHB Phil Neal 0-0: Ground out 4-3 (Groundball, 4)
Batting: RHB Mike Ingram 0-0: Ball
1-0: Called Strike
1-1: Foul Ball, location: 2F
1-2: Foul Ball, location: 2F
1-2: Foul Ball, location: 2F
1-2: Foul Ball, location: 2F
1-2: SINGLE (Line Drive, 3)
Batting: RHB Arturo García 0-0: Ball
1-0: Ball
2-0: Ball
3-0: Base on Balls
Mike Ingram to second
Batting: LHB Pedro Cruz 0-0: Ball
1-0: Swinging Strike
1-1: Swinging Strike
1-2: Fly out, F3 (Popup, 34)
Batting: RHB Dave Mullen 0-0: Swinging Strike
0-1: Ball
1-1: Swinging Strike
1-2: Strikes out swinging
Top of the 6th over - 0 run(s), 1 hit(s), 0 error(s), 2 left on base; Albuquerque 2 - District 9 5
BOTTOM OF THE 6TH
District 9 Prawns batting - Pitching for Albuquerque Isotopes : LHP Sean Perry
Batting: LHB Leonard Young 0-0: Foul Ball, location: 2F
0-1: Ball
1-1: Foul Ball, location: 2F
1-2: SINGLE (Line Drive, 4MD)
Batting: RHB Felipe Jareño 0-0: Ball
1-0: Called Strike
1-1: Foul Ball, location: 2F
1-2: Ball
2-2: Foul Ball, location: 2F
2-2: Fly out, F5 (Popup, 5S)
Batting: RHB Gil Palmer 0-0: Ball
1-0: Ball
2-0: Foul Ball, location: 2F
2-1: Foul Ball, location: 2F
2-2: Foul Ball, location: 2F
2-2: Grounds into double play, 6-4-3 (Groundball, 6)
Bottom of the 6th over - 0 run(s), 1 hit(s), 0 error(s), 0 left on base; Albuquerque 2 - District 9 5
TOP OF THE 7TH
Albuquerque Isotopes batting - Pitching for District 9 Prawns : RHP Jorge Guillén
Pitching: RHP José Huerta
Batting: LHB Burt Ward 0-0: Ball
1-0: Ball
2-0: Foul Ball, location: 2F
2-1: Foul Ball, location: 2F
2-2: Ball
3-2: Fly out, F9 (Line Drive, 9)
Batting: RHB Eric Knight 0-0: Ball
1-0: Ball
2-0: Ball
3-0: Base on Balls
Batting: RHB Víctor Solano 0-0: Swinging Strike
0-1: Ball
1-1: Grounds into double play, 6-4-3 (Groundball, 6)
Top of the 7th over - 0 run(s), 0 hit(s), 0 error(s), 0 left on base; Albuquerque 2 - District 9 5
BOTTOM OF THE 7TH
District 9 Prawns batting - Pitching for Albuquerque Isotopes : LHP Sean Perry
Pitching: LHP Alberto Ruíz
Batting: RHB Mal Snyder 0-0: Ball
1-0: Foul Ball, location: 2F
1-1: Ball
2-1: Ball
3-1: Base on Balls
Pitching: RHP Shiki Kanno
Batting: LHB Al Bartlett 0-0: Bunt missed!
0-1: Sac Bunt - play at first, batter OUT! 1-4
Mal Snyder to second
Pitching: RHP Mike Frank
Batting: RHB Jim Edgar 0-0: Ground out 5-3 (Groundball, 5)
Pitching: RHP Howard Joyce
Batting: SHB José Estreito 0-0: Ball
1-0: Ball
2-0: Ball
3-0: Base on Balls
Batting: RHB José Colón 0-0: Called Strike
0-1: Swinging Strike
0-2: Foul Ball, location: 2F
0-2: Ball
1-2: Ground out 6-3 (Groundball, 6S)
Bottom of the 7th over - 0 run(s), 0 hit(s), 0 error(s), 2 left on base; Albuquerque 2 - District 9 5
TOP OF THE 8TH
Albuquerque Isotopes batting - Pitching for District 9 Prawns : RHP José Huerta
Batting: RHB Sam Wallace 0-0: Swinging Strike
0-1: Ball
1-1: Ball
2-1: Ball
3-1: Called Strike
3-2: Ground out 1-3 (Groundball, 15)
Batting: LHB Phil Neal 0-0: Ball
1-0: DOUBLE (Groundball, 3L)
Pitching: RHP Lee Hecker
Batting: RHB Mike Ingram 0-0: Fly out, F5 (Popup, 6S)
Batting: RHB Arturo García 0-0: Called Strike
0-1: Ball
1-1: Ball
2-1: Ball
3-1: DOUBLE (Line Drive, 78D)
Phil Neal scores
Pitching: LHP Ricardo Vega
Batting: LHB Pedro Cruz 0-0: Ball
1-0: Ball
2-0: Ground out U3 (Groundball, 3L)
Top of the 8th over - 1 run(s), 2 hit(s), 0 error(s), 1 left on base; Albuquerque 3 - District 9 5
BOTTOM OF THE 8TH
District 9 Prawns batting - Pitching for Albuquerque Isotopes : RHP Howard Joyce
Batting: RHB Reynold Akker 0-0: Ball
1-0: Foul Ball, location: 2F
1-1: Foul Ball, location: 2F
1-2: Ball
2-2: Fly out, F7 (Flyball, 78M)
Batting: LHB Leonard Young 0-0: Called Strike
0-1: Ball
1-1: Ball
2-1: Ball
3-1: Foul Ball, location: 2F
3-2: Foul Ball, location: 2F
3-2: SINGLE (Flyball, 9LS)
Batting: RHB Felipe Jareño 0-0: Ball
1-0: Ball
Leonard Young steals 2nd base
2-0: Intentional Walk
Pinch Hitting: LHB Mike Davis 0-0: Called Strike
0-1: Ball
1-1: Grounds into double play, 4-6-3 (Groundball, 4)
Bottom of the 8th over - 0 run(s), 1 hit(s), 0 error(s), 1 left on base; Albuquerque 3 - District 9 5
TOP OF THE 9TH
Albuquerque Isotopes batting - Pitching for District 9 Prawns : LHP Ricardo Vega
Pitching: LHP Ben Johnson
Now in CF: Ralph Schultz
Batting: RHB Dave Mullen 0-0: Ball
1-0: Ball
2-0: Called Strike
2-1: Swinging Strike
2-2: Foul Ball, location: 2F
2-2: Strikes out swinging
Batting: LHB Burt Ward 0-0: Foul Ball, location: 2F
0-1: Swinging Strike
0-2: Ball
1-2: Strikes out looking
Batting: RHB Eric Knight 0-0: Ball
1-0: Ball
2-0: Called Strike
2-1: Ball
3-1: Foul Ball, location: 2F
3-2: Foul Ball, location: 2F
3-2: Foul Ball, location: 2F
3-2: Base on Balls
Batting: RHB Víctor Solano 0-0: Called Strike
0-1: Ball
1-1: Ball
2-1: Ball
3-1: Foul Ball, location: 2F
3-2: DOUBLE (Line Drive, 9LM)
Eric Knight to third
Eric Knight scores
Batting: RHB Sam Wallace 0-0: Fly out, F8 (Flyball, 8LM)
Top of the 9th over - 1 run(s), 1 hit(s), 0 error(s), 1 left on base; Albuquerque 4 - District 9 5
Tuesday, August 8th, 2017 - OOTP Baseball 17.12 Build 75